 Dungeon Crawl Stone Soup version 0.22-a0-614-g34fbaa0 (webtiles) character file.

9653 Dietz the Basher (level 11, -1/88 HPs)
             Began as a Formicid Fighter on July 19, 2018.
             Was a High Priest of Okawaru.
             Slain by an ice beast (14 damage)
             ... on level 2 of the Lair of Beasts.
             The game lasted 00:55:17 (12223 turns).

Dietz the Basher (Formicid Fighter)                Turns: 12223, Time: 00:55:18

Health: -1/88      AC: 12    Str: 21    XL:     11   Next: 78%
Magic:  11/11      EV: 11    Int: 12    God:    Okawaru [*****.]
Gold:   679        SH:  0    Dex: 13    Spells: 10/10 levels left

rFire    + . .     SeeInvis +   r - +1 flail (drain)
rCold    . . .     Gourm    .   c - +0 shield
rNeg     . . .     Faith    .   u - +3 leather armour {MR+}
rPois    .         Spirit   .   (helmet unavailable)
rElec    .         Reflect  +   F - +2 cloak {rF+}
rCorr    .         Harm     .   C - +0 pair of gloves
MR       ++++.                  (no boots)
Stlth    +.........             l - +4 amulet of reflection
HPRegen  0.24/turn              m - ring of protection from magic
MPRegen  0.12/turn              z - ring of protection from magic

@: confused, very slightly contaminated, invisible
A: permanent stasis, dig shafts and tunnels, four strong arms, antennae 3,
rugged brown scales 1, clever 2
a: Dig, Shaft Self, Heroism, Finesse, Renounce Religion


You were on level 2 of the Lair of Beasts.
You worshipped Okawaru.
Okawaru was extremely pleased with you.
You were not hungry.

You visited 3 branches of the dungeon, and saw 13 of its levels.
You also visited: Ice Cave and Volcano.

You collected 679 gold pieces.

Inventory:

Hand Weapons
 r - a +1 flail of draining (weapon)
 s - the +0 short sword of Instant Death {pierce, Str+3}
   (You found it on level 5 of the Dungeon)

   It inflicts extra damage upon your enemies.
   It affects your strength (+3).
 v - a +2 mace of venom
 D - a +1 fustibalus of flaming
 G - a +1 arbalest of flaming
Missiles
 i - 311 stones (quivered)
 k - 38 poisoned needles
Armour
 a - the +1 leather armour of Sif Muna's Vengeance {MR+ rCorr Stlth-}
   (You found it on level 8 of the Dungeon)

   It affects your resistance to hostile enchantments.
   It provides partial protection from all sources of acid and corrosion.
   It makes you less stealthy.
 b - a +0 scale mail
 c - a +0 shield (worn)
 d - a +0 ring mail of cold resistance
 u - a +3 leather armour of magic resistance (worn)
 C - a +0 pair of gloves (worn)
 F - a +2 cloak of fire resistance (worn)
Jewellery
 l - a +4 amulet of reflection (around neck)
 m - a ring of protection from magic (left hand)
 x - an uncursed ring of flight
 y - an uncursed ring of resist corrosion
 z - a ring of protection from magic (right hand)
Scrolls
 h - 2 scrolls of remove curse
 j - a scroll of vulnerability {unknown}
 p - 2 scrolls of enchant weapon
 A - a scroll of amnesia {unknown}
Potions
 e - 2 potions of curing
 g - 2 potions of mutation
 n - 2 potions of magic
 q - 3 potions of agility
 t - 2 potions of flight
 B - 2 potions of brilliance
Comestibles
 f - 18 rations


   Skills:
 + Level 7.9 Fighting
 + Level 13.0 Maces & Flails
 * Level 8.5 Armour
 - Level 9.0 Shields


You had 10 spell levels left.
You didn't know any spells.
Your spell library contained the following spells:

 Spells                   Type           Power        Failure   Level  Hunger
 Mephitic Cloud           Conj/Pois/Air  #.......     73%         3    ####...
 Venom Bolt               Conj/Pois      #.........   100%        5    ######.
 Olgreb's Toxic Radiance  Pois           #.......     98%         4    #####..
 Sting                    Conj/Pois      #...         36%         1    ##.....
 Poisonous Vapours        Pois/Air       #.....       50%         2    ###....


Dungeon Overview and Level Annotations

Branches:
Dungeon (10/15)            Temple (1/1) D:6            Lair (2/6) D:8
  Swamp: Lair:2-4    Shoals: Lair:2-4     Snake: Lair:2-4    Spider: Lair:2-4
    Orc: D:9-12

Altars:
Ashenzari
Cheibriados
Dithmenos
Elyvilon
Fedhas
Gozag
Hepliaklqana
Kikubaaqudgha
Makhleb
Nemelex Xobeh
Okawaru
Qazlal
Ru
Sif Muna
Trog
Uskayaw
Vehumet
Wu Jian
Xom
Yredelemnul
Zin
The Shining One

Shops:
D:9 ?

Annotations:
D:7 2 runed doors, aubilenon's ghost, novice OpTm


Innate Abilities, Weirdness & Mutations

You cannot be hasted, slowed, berserked, paralysed or teleported.
You can dig through walls and to a lower floor.
Your four strong arms can wield two-handed weapons with a shield.
You have a pair of large antennae on your head. (SInv)
You are partially covered in rugged brown scales. (AC +1, +3% HP)
Your mind is very acute. (Int +4)


Message History

* * * LOW HITPOINT WARNING * * *
The ice beast freezes you!
* * * LOW HITPOINT WARNING * * *
You are confused.
You feel invigorated.
You feel like a meek peon again.
The white ugly thing gurgles horribly!
You hear a bellow!
The white ugly thing barely misses you. The ice beast barely misses you.
The ice beast hits you.
* * * LOW HITPOINT WARNING * * *
The ice beast freezes you.
* * * LOW HITPOINT WARNING * * *
Unknown command.
The yak bellows!
You hear an angry hiss.
The yak bellows!
The yak bellows!
The ice beast hits you.
* * * LOW HITPOINT WARNING * * *
The ice beast freezes you!
You die...

......... ......... ..
#........ .......... ..
#......####..P...... #.#
##...........P.....# ...
.#......#...........# ...
..............P.....# ...
#P.................##...
+............#..........
##.....@............#...
##....Y......+.....##...
.Y..u.Y.....#.#.......#.#
....Y.H.............###.#
.....Y!..................
.........................
.S.......................
.........................
.P....#.#.##.##P#....P..


You could see a white ugly thing, a hippogriff, a yak (wandering), a water
moccasin (wandering) and 4 ice beasts.

Vanquished Creatures
  Erolcha (D:9)
  Maurice (D:8)
  Joseph (D:8)
  A black mamba (Lair:1)
  Psyche (D:8)
  A gargoyle (D:8)
  4 spiny frogs (Lair:1)
  A kobold demonologist (D:9)
  A yaktaur (D:9)
  A polar bear (D:9)
  A hippogriff (Lair:1)
  Sigmund (D:5)
  4 yaks
  Eustachio (D:5)
  Menkaure (D:5)
  A water moccasin (Lair:1)
  2 porcupines (Lair:1)
  2 ice beasts
  An eye of draining (D:9)
  3 orc warriors (D:7)
  2 phantoms
  4 ogres
  5 centaurs
  A crocodile (Lair:1)
  A big kobold (D:9)
  4 bullfrogs
  5 scorpions
  2 howler monkeys (D:5)
  4 bullfrog zombies
  4 crimson imps
  4 hounds
  6 jellies
  A centaur skeleton (D:4)
  5 orc priests
  7 orc wizards
  6 worker ants
  Terence (D:2)
  4 hound skeletons
  A howler monkey zombie (D:5)
  A worker ant zombie (D:8)
  11 adders
  3 gnolls (D:4)
  A shadow imp (D:5)
  15 white imps
  A howler monkey simulacrum (D:9)
  3 ufetubi
  7 oozes
  2 adder skeletons
  3 worms
  2 dart slugs (D:1)
  An adder simulacrum (D:9)
  6 leopard geckos
  34 orcs
  3 ball pythons
  3 giant cockroaches
  7 goblins
  10 hobgoblins
  10 jackals
  17 kobolds
  5 quokkas
  7 bats
  3 frilled lizards (D:2)
  A jackal skeleton (D:5)
  A quokka skeleton (D:4)
  7 rats
261 creatures vanquished.

Vanquished Creatures (others)
  A yaktaur (Volcano)
  A centaur (D:6)
  A quokka (D:9)
  A fungus (Lair:2)
4 creatures vanquished.

Grand Total: 265 creatures vanquished

Notes
Turn   | Place    | Note
-------+----------+-------------------------------------------
     0 | D:1      | Dietz the Formicid Fighter began the quest for the Orb.
     0 | D:1      | Reached XP level 1. HP: 18/18 MP: 1/1
    82 | D:1      | Reached XP level 2. HP: 24/24 MP: 2/2
   411 | D:1      | Reached XP level 3. HP: 26/29 MP: 3/3
  1015 | D:2      | Noticed Terence
  1030 | D:2      | Killed Terence
  1030 | D:2      | Reached XP level 4. HP: 20/35 MP: 4/4
  1390 | D:2      | Reached skill level 3 in Maces & Flails
  1806 | D:3      | Reached XP level 5. HP: 37/41 MP: 5/5
  1860 | D:3      | Reached skill level 5 in Shields
  2419 | D:3      | Found an opulent altar of Gozag.
  2523 | D:4      | Noticed an ogre
  2744 | D:4      | Reached XP level 6. HP: 47/47 MP: 6/6
  3029 | D:4      | Reached skill level 4 in Maces & Flails
  3034 | D:4      | Found a snail-covered altar of Cheibriados.
  3174 | D:4      | Noticed a phantom
  3440 | D:4      | Killed a phantom
  3440 | D:4      | Reached XP level 7. HP: 29/52 MP: 7/7
  4207 | D:5      | Entered Level 5 of the Dungeon
  4238 | D:5      | Reached skill level 5 in Armour
  4415 | D:5      | Gained mutation: Your mind is acute. (Int +2) [potion of mutation]
  4415 | D:5      | Gained mutation: Your mind is very acute. (Int +4) [potion of mutation]
  4415 | D:5      | Gained mutation: You are partially covered in rugged brown scales. (AC +1, +3% HP) [potion of mutation]
  4531 | D:5      | Got a polished short sword
  4532 | D:5      | Identified the cursed +0 short sword of Instant Death {pierce, Str+3} (You found it on level 5 of the Dungeon)
  4658 | D:5      | Reached skill level 5 in Maces & Flails
  4749 | D:5      | Noticed Eustachio
  4833 | D:5      | Killed Eustachio
  4908 | D:5      | Noticed Menkaure
  4966 | D:5      | Reached XP level 8. HP: 59/59 MP: 8/8
  5012 | D:5      | Reached skill level 6 in Maces & Flails
  5197 | D:5      | Noticed Sigmund
  5222 | D:5      | Killed Sigmund
  5238 | D:5      | Found a shimmering altar of Xom.
  5359 | D:5      | Killed Menkaure
  5390 | D:5      | Found a glowing golden altar of the Shining One.
  5409 | D:5      | Reached skill level 7 in Maces & Flails
  6161 | D:6      | Found a staircase to the Ecumenical Temple.
  6210 | Temple   | Entered the Ecumenical Temple
  6769 | D:6      | Reached XP level 9. HP: 65/65 MP: 9/9
  6809 | D:6      | Found an iron altar of Okawaru.
  6812 | D:6      | Found a shattered altar of Ashenzari.
  6818 | D:6      | Became a worshipper of Warmaster Okawaru
  6824 | D:6      | Found an ancient bone altar of Kikubaaqudgha.
  6827 | D:6      | Found a sparkling altar of Nemelex Xobeh.
  6849 | D:6      | Found a white marble altar of Elyvilon.
  7154 | D:7      | Found a sacrificial altar of Ru.
  7171 | D:7      | Reached skill level 8 in Maces & Flails
  7735 | D:7      | Found a large runed door.
  7736 | D:7      | Found a large runed door.
  7739 | D:7      | Noticed aubilenon's ghost (novice OpTm)
  7803 | D:8      | Got a pitted leather armour
  7814 | D:8      | Identified the +1 leather armour of Sif Muna's Vengeance {MR+ rCorr Stlth-} (You found it on level 8 of the Dungeon)
  7953 | D:7      | Reached * piety under Okawaru
  8103 | D:7      | Reached skill level 9 in Maces & Flails
  8587 | D:8      | Noticed Maurice
  8587 | D:8      | Noticed Joseph
  8608 | D:8      | Killed Joseph
  8608 | D:8      | Reached skill level 5 in Fighting
  8608 | D:8      | Reached XP level 10. HP: 49/76 MP: 7/10
  8828 | D:8      | Found a staircase to the Lair.
  8883 | D:8      | Noticed Psyche
  8894 | D:8      | Killed Psyche
  8894 | D:8      | Reached skill level 10 in Maces & Flails
  8923 | D:8      | Noticed a gargoyle
  9060 | D:8      | Killed Maurice
  9060 | D:8      | Reached ** piety under Okawaru
  9073 | D:8      | Killed a gargoyle
  9822 | D:9      | Found Ufoep's Magic Scroll Boutique.
  9871 | D:9      | Noticed a yaktaur
  9885 | D:9      | Killed a yaktaur
  9885 | D:9      | Reached skill level 11 in Maces & Flails
 10000 | D:9      | Found a shadowy altar of Dithmenos.
 10136 | D:9      | Noticed a two-headed ogre
 10282 | D:9      | Reached *** piety under Okawaru
 10300 | D:9      | Noticed Erolcha
 10306 | D:9      | Killed Erolcha
 10306 | D:9      | Reached XP level 11. HP: 74/85 MP: 11/11
 10322 | D:9      | Reached **** piety under Okawaru
 10367 | D:9      | Reached skill level 12 in Maces & Flails
 10619 | D:10     | Entered Level 10 of the Dungeon
 10621 | D:10     | Noticed a two-headed ogre
 10653 | Lair:1   | Entered Level 1 of the Lair of Beasts
 10721 | Lair:1   | Found a dark tunnel.
 10761 | Volcano  | Entered a volcano
 11310 | Lair:1   | Reached ***** piety under Okawaru
 11643 | Lair:2   | Found a frozen archway.
 12155 | Lair:2   | Reached skill level 13 in Maces & Flails
 12207 | IceCv    | Entered an ice cave
 12207 | IceCv    | Noticed a white ugly thing
 12218 | Lair:2   | HP: 4/88 [ice beast (13)]
 12220 | Lair:2   | HP: 1/88 [ice beast (5)]
 12223 | Lair:2   | Slain by an ice beast

Vault maps used:
D:1:      dpeg_arrival_arbitrary_c
D:2:      uniq_terence
D:3:      nicolae_overflow_hidden_temple, minivault_24
D:4:      old_standard_altar, first_ration, ldierk_geyser
D:5:      corexii_shack_village, lemuel_coloured_pillars_altar,
          nicolae_tso_carved_into_rock, uniq_menkaure, uniq_eustachio,
          uniq_sigmund
D:6:      elyvilon_altar_4, grunt_temple_overflow_cloverleaf, temple_doors_cd
D:7:      basic_altar, ebering_ghost_disaster_area
D:8:      lair_entry_dummy, hangedman_little_slice_of_home, uniq_psyche,
          uniq_joseph, uniq_maurice
D:9:      serial_ice, serial_ice_e, serial_ice_d, serial_ice_b, serial_ice_o,
          serial_ice_m, serial_shops, shop, basic_altar,
          kennysheep_small_circle, uniq_erolcha
D:10:     serial_shops, shop
Temple:   dpeg_chambers_temple
Lair:1:   nicolae_volcano_entry_lava_flow, lemuel_fruit_tree
Lair:2:   minmay_guarded_unrand_snakebite, nicolae_spider_entry_orb_guardian,
          portal_ice_cave_entry_imps, beast_lair_carwin_5
IceCv:    ice_cave_statue_garden_transporter
Volcano:  volcano_caves

Skill      XL: |  1  2  3  4  5  6  7  8  9 10 11 |
---------------+----------------------------------+-----
Shields        | 4 5 6 8 9 |  9.0
Armour         | 4 5 6 7 8 |  8.5
Maces & Flails | 3 4 5 7 9 11 13 | 13.0
Fighting       | 5 6 7 |  7.9

Action                   |  1- 3 |  4- 6 |  7- 9 | 10-12 || total
-------------------------+-------+-------+-------+-------++-------
Melee: Flail             |    92 |   215 |   392 |   373 ||  1072
Throw: Stone             |       |       |     2 |       ||     2
Invok: Heroism           |       |       |     1 |     8 ||     9
 Abil: Dig               |       |       |     4 |     2 ||     6
  Use: Potion            |       |     1 |     3 |     3 ||     7
       Scroll            |       |       |     7 |    11 ||    18
 Stab: Sleeping          |       |       |       |     2 ||     2
  Eat: Chunk             |       |     5 |    10 |    10 ||    25
       Ration            |       |     1 |     2 |     1 ||     4
Armor: Scale mail        |    38 |    51 |    31 |       ||   120
       Leather armour    |       |       |    50 |    78 ||   128
Dodge: Dodged            |    27 |    54 |    95 |   104 ||   280
Block: Shield            |    52 |   162 |   255 |   273 ||   742
       Reflection        |       |     1 |     2 |    37 ||    40

Table legend:
 A = Spawn XP
 B = Non-spawn XP
 C = Spawn XP percentage of total XP
 D = Spawn monster count
 E = Non-spawn monster count
 F = Spawn count percentage of total count
 G = Total turns spent on level
                    A         B        C        D         E        F      G
               +---------+---------+-------+---------+---------+-------+---------
         Total |       0 |   13791 |   0.0 |       0 |     263 |   0.0 | 12223
               +---------+---------+-------+---------+---------+-------+---------
           D:1 |       0 |      53 |   0.0 |       0 |      27 |   0.0 |   972
           D:2 |       0 |      73 |   0.0 |       0 |      15 |   0.0 |   725
           D:3 |       0 |     106 |   0.0 |       0 |      17 |   0.0 |  1617
           D:4 |       0 |     313 |   0.0 |       0 |      16 |   0.0 |   915
           D:5 |       0 |    1305 |   0.0 |       0 |      38 |   0.0 |  1762
           D:6 |       0 |     482 |   0.0 |       0 |      15 |   0.0 |   898
           D:7 |       0 |    1119 |   0.0 |       0 |      36 |   0.0 |  1390
           D:8 |       0 |    2656 |   0.0 |       0 |      34 |   0.0 |  1311
           D:9 |       0 |    3062 |   0.0 |       0 |      33 |   0.0 |   797
        Lair:1 |       0 |    3508 |   0.0 |       0 |      18 |   0.0 |  1375
        Lair:2 |       0 |     289 |   0.0 |       0 |       9 |   0.0 |   102
       Volcano |       0 |     825 |   0.0 |       0 |       5 |   0.0 |    84
               +---------+---------+-------+---------+---------+-------+---------
